 Dungeon Crawl Stone Soup version 0.30.0-19-g36f170ea60 (webtiles) character file.

Game seed: 17947357917470372547

252 cdecastro the Cleaver (level 6, -2/51 HPs)
             Began as a Hill Orc Fighter on May 26, 2023.
             Was an Initiate of Beogh.
             Slain by an ogre
             ... wielding a +0 giant spiked club
              (14 damage)
             ... on level 4 of the Dungeon on May 27, 2023.
             The game lasted 00:05:03 (2935 turns).

cdecastro the Cleaver (Hill Orc Fighter)            Turns: 2935, Time: 00:05:03

Health: -2/51      AC: 12    Str: 21    XL:     6   Next: 14%
Magic:  6/6        EV:  8    Int:  8    God:    Beogh [......]
Gold:   96         SH:  0    Dex: 10    Spells: 5/5 levels left

rFire   . . .        a - +0 war axe
rCold   . . .        (no shield)
rNeg    . . .        h - +0 chain mail
rPois   .            (no helmet)
rElec   .            k - +2 cloak
rCorr   .            (no gloves)
SInv    .            (no boots)
Will    .....        (no amulet) Stlth
                     (no ring)
HPRegen 0.28/turn    (no ring)
MPRegen 0.10/turn

%: no passive effects
@: no status effects
A: no striking features
a: Renounce Religion


You were on level 4 of the Dungeon.
You worshipped Beogh.
Beogh was noncommittal.
You visited 1 branch of the dungeon, and saw 4 of its levels.

You collected 96 gold pieces.

Inventory:

Hand Weapons
 a - a +0 war axe (weapon)
Missiles
 p - 2 boomerangs (quivered)
 u - 3 poisoned darts
 x - 3 atropa-tipped darts
Armour
 b - a +0 scale mail
 c - a +0 buckler
 h - a +0 chain mail (worn)
 k - a +2 cloak (worn)
Magical Staves
 g - a staff of fire
Scrolls
 e - a scroll of magic mapping {unknown}
 f - a scroll of identify {unknown}
 j - 2 scrolls of blinking {unknown}
 l - a scroll of torment {unknown}
 m - 2 scrolls of silence {unknown}
 s - a scroll of vulnerability {unknown}
 w - a scroll of teleportation {unknown}
 y - a scroll of enchant weapon {unknown}
 z - a scroll of acquirement {unknown}
 A - a scroll of amnesia {unknown}
Potions
 d - 2 potions of might
 i - a potion of brilliance {unknown}
 n - a potion of cancellation {unknown}
 o - a potion of invisibility {unknown}
 q - a potion of ambrosia {unknown}
 r - a potion of lignification {unknown}
 t - a potion of flight {unknown}
 v - a potion of curing {unknown}
 B - a potion of heal wounds {unknown}


   Skills:
 - Level 3.6 Fighting
 + Level 8.3 Axes
 - Level 3.2 Armour
 - Level 3.2 Shields


You had 5 spell levels left.
You didn't know any spells.
Your spell library contained the following spells:

 Spells                   Type           Power      Damage    Failure   Level
 Cigotuvi's Dreadful Rot  Necr/Pois/Air  0%         N/A       99%         2
 Gell's Gravitas          Tloc           0%         N/A       100%        3
 Ignite Poison            Fire/Tmut/Pois 0%         N/A       100%        3
 Teleport Other           Tloc           0%         N/A       100%        3
 Freezing Cloud           Conj/Ice/Air   0%         6-21      100%        5
 Dispersal                Tloc           0%         N/A       100%        6


Dungeon Overview and Level Annotations

Branches:
Dungeon (4/15)
 Temple: D:4-7

Altars:
Elyvilon


Message History

You slash the ball python!
You kill the ball python!
Beogh accepts your kill.
You see here a ball python corpse.
Throw: 2 boomerangs
Press: ? - help, Q - select action, (/) - cycle Shift-Dir - straight line, f - ogre
Aim: an ogre, wielding a +0 giant spiked club (72% to hit)
You throw a boomerang. The boomerang hits the ogre!
The ogre is moderately wounded.
Unknown command.
Throw: 2 boomerangs
Press: ? - help, Q - select action, (/) - cycle Shift-Dir - straight line, f/p - ogre
Aim: an ogre, wielding a +0 giant spiked club (moderately wounded, 72% to hit)
You throw a boomerang. The boomerang barely misses the ogre.
Unknown command.
You barely miss the ogre.
The ogre is moderately wounded.
The ogre hits you with a +0 giant spiked club!!
You barely miss the ogre.
The ogre is moderately wounded.
The ogre closely misses you.
You hit the ogre but do no damage.
The ogre is moderately wounded.
The ogre hits you but does no damage.
You hit the ogre.
The ogre is moderately wounded.
You hit the ogre.
The ogre is severely wounded.
The ogre hits you with a +0 giant spiked club!
* * * LOW HITPOINT WARNING * * *
You barely miss the ogre.
The ogre is severely wounded.
The ogre hits you with a +0 giant spiked club.
* * * LOW HITPOINT WARNING * * *
You barely miss the ogre.
The ogre is severely wounded.
You barely miss the ogre.
The ogre is severely wounded.
The ogre hits you with a +0 giant spiked club!
You die...

............. ..
............##### #.#
..........#.##..###..#
#.........#.##......#
#........##.#......##
##......†#..#.......##
##.....#............##
##...##.##..........##
.######..#@##........†<..#
.......†.O###............##
.........## #.............#
.........# #........†.....#
...#....## #...............
........# #..............#
...##..## #.............##
.## #.# ###.........#..# #.
###....#####..


You could see an ogre.

Vanquished Creatures
  A hound (D:4)
  An orc priest (D:2)
  Jessica (D:2)
  An orc wizard (D:3)
  5 adders
  A worm (D:2)
  6 dart slugs
  5 orcs
  4 bats
  4 endoplasms
  7 giant cockroaches
  6 goblins
  6 hobgoblins
  6 jackals (D:3)
  4 quokkas
  4 ball pythons
  3 frilled lizards
  3 kobolds
  12 rats
80 creatures vanquished.

Vanquished Creatures (others)
  A ball python (D:3)
1 creature vanquished.

Grand Total: 81 creatures vanquished

Notes
Turn   | Place    | Note
-------+----------+-------------------------------------------
     0 | D:1      | cdecastro the Hill Orc Fighter began the quest for the Orb.
     0 | D:1      | Reached XP level 1. HP: 19/19 MP: 1/1
    23 | D:1      | Reached skill level 3 in Axes
    84 | D:1      | Reached XP level 2. HP: 14/26 MP: 2/2
   152 | D:1      | Found a faded altar of an unknown god.
   348 | D:1      | Reached skill level 4 in Axes
   908 | D:2      | Reached XP level 3. HP: 28/31 MP: 3/3
  1051 | D:2      | Reached skill level 5 in Axes
  1094 | D:2      | Noticed Jessica
  1097 | D:2      | Killed Jessica
  1098 | D:2      | Reached XP level 4. HP: 39/39 MP: 4/4
  1349 | D:2      | Reached skill level 6 in Axes
  2013 | D:2      | Reached XP level 5. HP: 4/45 MP: 5/5
  2170 | D:2      | Reached skill level 7 in Axes
  2227 | D:3      | Became a worshipper of Beogh the Brigand
  2511 | D:3      | Found a white marble altar of Elyvilon.
  2874 | D:4      | Reached skill level 8 in Axes
  2874 | D:4      | Reached XP level 6. HP: 50/51 MP: 6/6
  2935 | D:4      | Slain by an ogre

Illustrated notes

Levels and vault maps discovered:
D:1:      onia_arrival_handbag, layout_loops_ring,
          dilly_ecumenical_altar_fadedgnrine, grunt_decor_resistance
D:2:      layout_basic, uniq_jessica
D:3:      layout_rooms, lemuel_tele_altar, minmay_door_square,
          minmay_fractal_squares_gapless_5
D:4:      layout_cave_pods, lemuel_crystal_altar, yredelemnul_altar_generic,
          mainiacjoe_overflow_alcove_4, serial_glass, glass_columns_a,
          glass_columns_b, minmay_mini_ossuary, uniq_menkaure

Skill      XL: |  1  2  3  4  5 |
---------------+----------------+-----
Axes           | 3 4 5 6 8 |  8.3
Fighting       | |  3.6
Armour         | |  3.2
Shields        | |  3.2

Action                     |  1- 3 |  4- 6 || total
---------------------------+-------+-------++-------
  Melee: War axe           |    78 |   135 ||   213
         Punch             |       |     2 ||     2
  Throw: Boomerang         |       |     2 ||     2
 Invoke: Convert to Beogh  |       |     1 ||     1
 Armour: Scale mail        |     6 |       ||     6
         Chain mail        |    33 |   104 ||   137
  Dodge: Dodged            |    35 |    71 ||   106
